 Dungeon Crawl Stone Soup version 0.31-a0-1001-g770356a28f (webtiles) character file.

Game seed: 14509335577924812172

6 BinkBink the Trooper (level 1, 20/20 HPs)
             Began as a Minotaur Fighter on Nov 8, 2023.
             Quit the game on level 1 of the Dungeon.
             The game lasted 00:00:12 (92 turns).

BinkBink the Trooper (Minotaur Fighter)               Turns: 92, Time: 00:00:12

Health: 20/20      AC:  7    Str: 20    XL:     1   Next: 75%
Magic:  0/0        EV:  9    Int:  5    God:
Gold:   31         SH:  4    Dex:  9    Spells: 0/0 levels left

rFire   . . .        a - +0 war axe
rCold   . . .        c - +0 buckler
rNeg    . . .        b - +0 scale mail
rPois   .            (helmet restricted)
rElec   .            (no cloak)
rCorr   .            (no gloves)
SInv    .            (no boots)
Will    .....        (no amulet) Stlth
                     (no ring)
HPRegen 0.23/turn    (no ring)
MPRegen 0.07/turn

%: no passive effects
@: no status effects
A: horns 2, retaliatory headbutt
a: no special abilities


You were on level 1 of the Dungeon.
You visited 1 branch of the dungeon, and saw 1 of its levels.

You collected 31 gold pieces.

Inventory:

Hand Weapons
 a - a +0 war axe (weapon)
Armour
 b - a +0 scale mail (worn)
 c - a +0 buckler (worn)
Potions
 d - a potion of might


   Skills:
 + Level 3.8 Fighting
 + Level 2.6 Axes
 + Level 3.7 Armour
 + Level 3.7 Shields


You couldn't memorise any spells.
You didn't know any spells.
Your spell library was empty.

Dungeon Overview and Level Annotations

Branches:
Dungeon (1/15)

Altars:


Innate Abilities, Weirdness & Mutations

You have a pair of horns on your head.
You reflexively headbutt those who attack you in melee.


Message History

You barely miss the frilled lizard.
The frilled lizard bites you but does no damage.
You barely miss the frilled lizard.
Your headbutt misses the frilled lizard.
You block the frilled lizard's attack. The frilled lizard misses you.
You miss the frilled lizard. The frilled lizard barely misses you.
You closely miss the frilled lizard.
The frilled lizard bites you but does no damage.
You slash the frilled lizard!
You kill the frilled lizard!
No target in view!
No target in view!
You now have 18 gold pieces (gained 8).
You now have 24 gold pieces (gained 6).
You open the door.
A kobold comes into view. It is wielding a +0 short sword.
The kobold shouts!
There is an open door here.
A kobold is nearby!
A kobold is nearby!
Found 7 gold pieces.
A kobold is nearby!
The kobold hits you but does no damage.
You slash the kobold!
You kill the kobold!
No target in view!
No target in view!
You see here a +0 short sword.
You now have 31 gold pieces (gained 7).
Found a stone staircase leading down.
A ball python and a quokka come into view.
The ball python hisses angrily.
There are monsters nearby!
There are monsters nearby!
You slash the ball python!
You kill the ball python!
The quokka bites you but does no damage.
Your movement speed is average.
Your attack delay is about 1.4.
Your damage rating with your +0 war axe is about 15 (Base 11 x 125% (Str) x 111% (Skill)).
Are you sure you want to abandon this character and quit the game? (Confirm with "yes".)

.# ..# #########
.##..# †........
##.....# ........#
.....>.. #######.#
####..#$..# #.....#.##
...#..... '.†...#..#
#..r.#
#.....#..######.@..#
###'###............#
#....)...####.....#
#........####.##......
##+###.#...##.# ###...
#.#.#....# ....
###.###### .#. #.. #
##.


You could see a quokka.

Vanquished Creatures
  2 bats (D:1)
  2 ball pythons (D:1)
  A frilled lizard (D:1)
  A kobold (D:1)
6 creatures vanquished.

Notes
Turn   | Place    | Note
-------+----------+-------------------------------------------
     0 | D:1      | BinkBink the Minotaur Fighter began the quest for the Orb.
     0 | D:1      | Reached XP level 1. HP: 19/19 MP: 0/0
    37 | D:1      | Found a faded altar of an unknown god.
    92 | D:1      | Quit the game

Illustrated notes

Levels and vault maps discovered:
D:1:      dpeg_arrival_houses_and_road, layout_rooms,
          chequers_ecumenical_altar_simple_redux

Action                     || total
---------------------------++-------
  Melee: War axe           ||    10
 Armour: Scale mail        ||     5
  Dodge: Dodged            ||     7
  Block: Buckler           ||     2

Table legend: (Time is in decaauts)
 A = Elapsed time spent in this place.
 B = Non-inter-level travel time spent in this place.
 C = Inter-level travel time spent in this place.
 D = Time resting spent in this place.
 E = Time spent auto-exploring this place.
 F = Levels seen in this place.
 G = Mean time per level.
                   A        B        C        D        E       F      G
               +--------+--------+--------+--------+--------+-----+--------+
         Total |     95 |     95 |      0 |      0 |     65 |   1 |   95.0 |
       Dungeon |     95 |     95 |      0 |      0 |     65 |   1 |   95.0 |
               +--------+--------+--------+--------+--------+-----+--------+

Top non-repeatable levels by time:
     D:1: 95 daAuts
